 Dungeon Crawl Stone Soup version 0.30-b1-2-g02819fbbbe (webtiles) character file.

Game seed: 2485139651974622987

115 Alarkh the Insei (level 4, 35/35 HPs)
             Began as a Demonspawn Chaos Knight on May 21, 2023.
             Was a Plaything of Xom.
             Got out of the dungeon alive.
             The game lasted 00:01:40 (1721 turns).

Alarkh the Insei (Demonspawn Chaos Knight)          Turns: 1721, Time: 00:01:40

Health: 35/35      AC:  8    Str: 12    XL:     4   Next: 68%
Magic:  4/4        EV: 16    Int: 16    God:    Xom [..*...]
Gold:   120        SH:  0    Dex: 12    Spells: 3/3 levels left

rFire   . .          .
                       - Unarmed
rCold   + . .        (no shield)
rNeg    . . .        a - +2 leather armour
rPois   .            (no helmet)
rElec   .            (no cloak)
rCorr   .            (no gloves)
SInv    .            o - +0 pair of boots
Will    .....        (no amulet)
Stlth   +            j - ring of protection from cold
HPRegen 0.25/turn    m - +5 ring of evasion
MPRegen 0.09/turn

%: no passive effects
@: no status effects
A: thin metallic scales 1, spiny 1
a: Renounce Religion


You escaped.
You worshipped Xom.
You were a toy of Xom.
You visited 1 branch of the dungeon, and saw 3 of its levels.

You collected 120 gold pieces.

Inventory:

Armour
 a - a +2 leather armour (worn)
 g - an orb of energy
 o - a +0 pair of boots (worn)
Jewellery
 j - a ring of protection from cold (left hand)
 m - a +5 ring of evasion (right hand)
Scrolls
 e - a scroll of teleportation {unknown}
 h - a scroll of silence {unknown}
 i - a scroll of immolation {unknown}
Potions
 c - 2 potions of degeneration {unknown}
 d - 2 potions of magic {unknown}
 f - 2 potions of heal wounds {unknown}
 k - a potion of mutation {unknown}
 l - a potion of haste {unknown}
 n - a potion of attraction {unknown}
Miscellaneous
 b - a piece from Xom's chessboard (15/15) (quivered)


   Skills:
 - Level 3.0 Fighting
 - Level 1.7 Armour
 - Level 0.8 Dodging
 + Level 5.0 Unarmed Combat


You had 3 spell levels left.
You didn't know any spells.
Your spell library contained the following spells:

 Spells                   Type           Power      Damage    Failure   Level
 Summon Ice Beast         Ice/Summ       0%         N/A       97%         4
 Summon Mana Viper        Hex/Summ       0%         N/A       100%        5
 Monstrous Menagerie      Summ           0%         N/A       100%        7


Dungeon Overview and Level Annotations

Branches:
Dungeon (3/15)

Altars:


Innate Abilities, Weirdness & Mutations

You are partially covered in thin metallic scales. (AC +2)
You are partially covered in sharp spines.


Message History

You closely miss the scorpion.
The scorpion is severely wounded.
The scorpion is struck by your spines. The scorpion stings you.
Your shadow imp barely misses the scorpion.
Unknown command.
You hit the scorpion but do no damage.
The scorpion is almost dead.
The scorpion barely misses you.
Your shadow imp hits the scorpion.
The scorpion stings your shadow imp.
You hit the scorpion but do no damage.
The scorpion is almost dead.
Your shadow imp hits the scorpion but does no damage.
The scorpion stings your shadow imp.
Your shadow imp dies!
Your shadow imp degenerates into a cloud of primal chaos!
You hit the scorpion.
You kill the scorpion!
Your Unarmed Combat skill increases to level 5!
You have reached level 4!
You feel clever.
Your demonic ancestry asserts itself...
Thin metallic scales grow over part of your body.
Xom is interested.
(D) Dungeon
Where to? (Enter - D:3, ? - help)
What level of the Dungeon? (default 1, ? - help)
There is an open door here.
There is a stone staircase leading up here.
You climb upwards.
There is a stone staircase leading down here.
HP restored.
There is a stone staircase leading up here.
You climb upwards.
There is a stone staircase leading down here.
Unknown command.
You see here a +0 club.
The wolf howls!
The polar bear growls angrily.
The lindwurm roars!
The swamp drake roars!
There is a staircase leading out of the dungeon here.
Are you sure you want to leave the Dungeon?
This will make you lose the game!
You have escaped!

#..##.##.......#.........# #
##..#.###....###........8# #
....÷..........#.#..###..## #
###.....#.##.#.#.#..#k#)).# #
###÷...##....#.#.#..#h#..8### #
.......###.....#.#..#h#.....#####
###...## #.#.#.#.#..#N#..8#......
......## #.#...#.#..#k#...#######
##...#.# #.#.#.#@#..###..##......
...>.#.# #.#.#.###......8##.#####
##.#.#.# #.#.#.# #.......##.# #
...#.#)# #.#.#.# ##.8.8.###.# #
##.#.#.# #.#.#.# #.....# #.# #
.....#.###.#.#.############.#####
....##....)......................
##..##..##........##..#####.#####
......................# #.#


There were no monsters in sight!

Vanquished Creatures
  A scorpion (D:3)
  A gnoll (D:1)
  An adder (D:2)
  A worm (D:2)
  A dart slug (D:1)
  4 bats
  4 endoplasms
  A giant cockroach (D:2)
  3 goblins (D:1)
  4 hobgoblins (D:1)
  4 quokkas
  4 frilled lizards
  2 kobolds (D:1)
  2 rats
33 creatures vanquished.

Notes
Turn   | Place    | Note
-------+----------+-------------------------------------------
     0 | D:1      | Alarkh the Demonspawn Chaos Knight began the quest for the
                  | Orb.
     0 | D:1      | Reached XP level 1. HP: 18/18 MP: 1/1
     6 | D:1      | Noticed a swamp drake
     6 | D:1      | Noticed a wolf
     6 | D:1      | Noticed a polar bear
     7 | D:1      | Noticed a salamander
     7 | D:1      | Noticed a lindwurm
   128 | D:1      | Reached skill level 3 in Unarmed Combat
   133 | D:1      | XOM: silly message
   183 | D:1      | Gained mutation: You are partially covered in sharp spines.
                  | [demonic ancestry]
   183 | D:1      | Reached XP level 2. HP: 7/24 MP: 2/2
   280 | D:1      | XOM: potion effect (might)
   399 | D:1      | XOM: silly message
   625 | D:1      | Reached XP level 3. HP: 29/29 MP: 3/3
   702 | D:1      | XOM: divination: detect creatures
  1123 | D:2      | Reached skill level 4 in Unarmed Combat
  1625 | D:3      | Noticed a scorpion
  1627 | D:3      | XOM: summons friendly shadow imp
  1637 | D:3      | Killed a scorpion
  1638 | D:3      | Reached skill level 5 in Unarmed Combat
  1638 | D:3      | Gained mutation: You are partially covered in thin metallic
                  | scales. (AC +2) [demonic ancestry]
  1638 | D:3      | Reached XP level 4. HP: 26/35 MP: 4/4
  1721 | D:$      | Got out of the dungeon alive.

Illustrated notes

Levels and vault maps discovered:
D:1:      onia_arrival_zoo_common, layout_basic
D:2:      layout_loops_ring, hangedman_abyss_or_decor_lesser_grid
D:3:      layout_basic, dreamdust_ecumenical_altar_drowned_temple

Skill      XL: |  1  2  3 |
---------------+----------+-----
Unarmed Combat | 3 5 |  5.0
Fighting       | |  3.0
Armour         | |  1.7
Dodging        | |  0.8

Action                     |  1- 3 |  4- 6 || total
---------------------------+-------+-------++-------
  Melee: Unarmed           |   111 |       ||   111
         Punch             |     2 |       ||     2
  Evoke: Piece from Xom's  |     1 |       ||     1
   Stab: Confused          |     1 |       ||     1
 Armour: Leather armour    |    32 |       ||    32
  Dodge: Dodged            |    48 |       ||    48
